 Dungeon Crawl Stone Soup version 0.32-a0-898-g7811c86cf0 (webtiles) character file.

Game seed: 11486320022246616882

65 Griffin23 the Shield-Bearer (level 3, -2/33 HPs)
             Began as a Minotaur Fighter on Apr 4, 2024.
             Killed by nerve-wracking pain
             ... invoked by an orc priest
              (13 damage)
             ... on level 3 of the Dungeon.
             The game lasted 00:02:00 (1724 turns).

Griffin23 the Shield-Bearer (Minotaur Fighter)      Turns: 1724, Time: 00:02:01

Health: -2/33      AC:  7    Str: 22    XL:     3   Next: 94%
Magic:  2/2        EV:  8    Int:  5    God:
Gold:   91         SH:  4    Dex:  9    Spells: 2/2 levels left

rFire   . . .        a - +0 long sword
rCold   . . .        c - +0 buckler
rNeg    . . .        b - +0 scale mail
rPois   .            (helmet restricted)
rElec   .            (no cloak)
rCorr   .            (no gloves)
SInv    .            (no boots)
Will    .....        (no amulet) Stlth
                     (no ring)
HPRegen 0.25/turn    (no ring)
MPRegen 0.08/turn

%: no passive effects
@: no status effects
A: horns 2, retaliatory headbutt
a: Convert to Beogh


You were on level 3 of the Dungeon.
You visited 1 branch of the dungeon, and saw 3 of its levels.

You collected 91 gold pieces.

Inventory:

Hand Weapons
 a - a +0 long sword (weapon)
Armour
 b - a +0 scale mail (worn)
 c - a +0 buckler (worn)
Jewellery
 f - a +5 ring of evasion
Scrolls
 h - a scroll of identify {unknown}
 k - a scroll of enchant weapon {unknown}
 m - 2 scrolls of vulnerability {unknown}
 p - a scroll of teleportation {unknown}
Potions
 d - 3 potions of might
 e - a potion of haste {unknown}
 g - a potion of berserk rage {unknown}
 i - 2 potions of enlightenment {unknown}
 j - 2 potions of ambrosia {unknown}
 l - a potion of heal wounds {unknown}
 n - 2 potions of degeneration {unknown}
 o - a potion of curing {unknown}


   Skills:
 + Level 4.2 Fighting
 * Level 3.6 Long Blades
 + Level 4.2 Armour
 + Level 4.2 Shields


You had 2 spell levels left.
You didn't know any spells.
Your spell library contained the following spells:

 Spells                   Type           Power      Damage    Failure   Level
 Shock                    Conj/Air       0%         1d3       86%         1
 Ensorcelled Hibernation  Hex/Ice        0%         N/A       94%         2
 Passwall                 Erth           0%         N/A       99%         3
 Swiftness                Air            0%         N/A       99%         3
 Airstrike                Air            0%         2d(0-16)  100%        4


Dungeon Overview and Level Annotations

Branches:
Dungeon (3/15)

Altars:

Shops:
D:2 =


Innate Abilities, Weirdness & Mutations

You have a pair of horns on your head.
You reflexively headbutt those who attack you in melee.


Message History

The orc wizard flickers and vanishes!
Deactivating autopickup; reactivate with Ctrl-A.
The orc hits you with a +0 flail.
The orc priest shoots a sling bullet.
The sling bullet hits you.
The orc priest shouts, "Surrender to Beogh and we'll let you live!" (press Y on the ability menu to convert to Beogh)
You hit the orc but do no damage. You headbutt the orc!
You kill the orc!
The rat bites you but does no damage. Something hits you.
The orc priest shoots a sling bullet.
You block the sling bullet.
You miss something. Your headbutt misses something. The hobgoblin hits you.
The rat barely misses you. You furiously retaliate!
You headbutt the rat!
You kill the rat!
The orc priest shoots a sling bullet.
The sling bullet hits you but does no damage.
You are too injured to fight recklessly!
You block the hobgoblin's attack. Something hits you but does no damage.
The orc priest unwields a +0 sling.
The orc priest wields a +0 club.
The orc priest hits you but does no damage.
A jackal comes into view.
The jackal barks!
The hobgoblin hits you. The orc priest hits you with a +0 club.
The jackal moves out of view.
You completely miss something. Your headbutt misses something.
The hobgoblin hits you. You block something's attack.
The orc priest shouts, "Beogh offers mercy even to people such as you.
Join us and be reborn!"
The orc priest barely misses you. You furiously retaliate!
You headbutt the orc priest, but do no damage.
A jackal comes into view.
The hobgoblin hits you but does no damage.
Something completely misses you.
The orc priest threatens, "Beogh's wrath is as vast as their mercy.
Make your choice!"
You closely miss the orc priest.
The jackal barks!
Your headbutt misses the orc priest.
The orc priest hits you but does no damage.
The hobgoblin barely misses you. Something hits you but does no damage.
The orc priest mumbles some strange prayers to Beogh against you.
Pain shoots through your body!
You die...

..#.#.....# ..#.#.....#
..#.#.....# ..........#
.#........# .#(#.....##
. ...#......#### .h.
#########....######.....
####..).@.......
#...go....... #
##......####+ ###
#......... #.###
#.......... ..#.###
#........... .#..#.#+#
#........... ##......#
#######..... #.#..#.##


You could see an orc priest, a jackal and a hobgoblin.

Vanquished Creatures
  2 adders (D:2)
  2 dart slugs
  3 orcs (D:3)
  3 ball pythons
  2 endoplasms (D:1)
  2 hobgoblins (D:1)
  10 jackals
  5 kobolds
  2 quokkas (D:1)
  4 bats
  A goblin (D:1)
  3 rats
39 creatures vanquished.

Notes
Turn   | Place    | Note
-------+----------+-------------------------------------------
     0 | D:1      | Griffin23 the Minotaur Fighter began the quest for the Orb.
     0 | D:1      | Reached XP level 1. HP: 19/19 MP: 0/0
    54 | D:1      | Reached XP level 2. HP: 17/27 MP: 1/1
   595 | D:1      | Reached XP level 3. HP: 30/33 MP: 2/2
  1054 | D:2      | Found Odimokh's Jewellery Shoppe.
  1724 | D:3      | Killed from afar by an orc priest

Illustrated notes

Levels and vault maps discovered:
D:1:      dpeg_arrival_signposts, layout_loops_cross
D:2:      layout_basic, serial_shops, shop, minmay_misc_feat_ornament
D:3:      minmay_razor_zed, layout_basic, chequers_ecumenical_altar_grove

Skill      XL: |  1  2 |
---------------+-------+-----
Long Blades    | 3 |  3.6
Armour         | 4 |  4.2
Shields        | 4 |  4.2
Fighting       | 4 |  4.2

Action                     || total
---------------------------++-------
  Melee: Long sword        ||    85
         Headbutt          ||     9
 Armour: Scale mail        ||    77
  Dodge: Dodged            ||    49
  Block: Buckler           ||    24

Table legend: (Time is in decaauts)
 A = Elapsed time spent in this place.
 B = Non-inter-level travel time spent in this place.
 C = Inter-level travel time spent in this place.
 D = Time resting spent in this place.
 E = Time spent auto-exploring this place.
 F = Levels seen in this place.
 G = Mean time per level.
                   A        B        C        D        E       F      G
               +--------+--------+--------+--------+--------+-----+--------+
         Total |   1745 |   1696 |     49 |      0 |   1484 |   3 |  581.7 |
       Dungeon |   1745 |   1696 |     49 |      0 |   1484 |   3 |  581.7 |
               +--------+--------+--------+--------+--------+-----+--------+

Top non-repeatable levels by time:
     D:2: 828 daAuts
     D:1: 771 daAuts
     D:3: 145 daAuts
